 Dungeon Crawl Stone Soup version 0.18.1-51-gd549091e01 (webtiles) character file.

24691 magog001 the Blocker (level 12, -1/113 HPs)
             Began as a Minotaur Fighter on Oct 18, 2020.
             Was a Priest of Nemelex Xobeh.
             Slain by magog001's ghost (2 damage)
             ... in an ice cave.
             The game lasted 01:16:15 (15467 turns).

magog001 the Blocker (Minotaur Fighter)            Turns: 15467, Time: 01:16:15

Health: -1/113     AC: 28    Str: 31    XL:     12   Next: 82%
Magic:  11/11      EV:  8    Int:  5    God:    Nemelex Xobeh [***...]
Gold:   756        SH: 14    Dex: 12    Spells: 0 memorised, 11 levels left

rFire  . . .     SeeInvis .     F - +5 flail (protect)
rCold  . . .     Gourm    .     n - +1 plate armour
rNeg   . . .     Faith    .     c - +0 shield
rPois  +         Spirit   .     N - +2 hat
rElec  .         Dismiss  .     T - +0 cloak
rCorr  .         Reflect  .     G - +1 pair of gloves
SustAt .         Harm     .     (no boots)
MR     .....                    d - amulet of regeneration
Stlth  ..........               B - ring of poison resistance
                                I - +2 ring of dexterity

@: mighty, not resistant to hostile enchantments, extremely unstealthy
A: retaliatory headbutt, horns 2
a: Triple Draw, Renounce Religion


You were in an ice cave.
You worshipped Nemelex Xobeh.
Nemelex Xobeh was most pleased with you.
You were not hungry.

You visited 4 branches of the dungeon, and saw 15 of its levels.
You also visited: Ossuary and Ice Cave.

You collected 756 gold pieces.

Inventory:

Hand Weapons
 a - a +0 hunting sling
 x - a +2 rapier of electrocution
 F - a +5 flail of protection (weapon)
Missiles
 b - 347 stones
 t - 72 sling bullets
 A - 11 tomahawks (quivered)
Armour
 c - a +0 shield (worn)
 n - a +1 plate armour (worn)
 G - a +1 pair of gloves (worn)
 N - a +2 hat (worn)
 T - a +0 cloak (worn)
Jewellery
 d - an amulet of regeneration (around neck)
 e - an uncursed ring of flight
 B - a ring of poison resistance (right hand)
 I - a +2 ring of dexterity (left hand)
 V - an uncursed ring of wizardry {unknown}
Wands
 h - a wand of polymorph (0/24)
 u - a wand of confusion (29/48)
 v - a wand of digging (16/24)
 z - a wand of disintegration (7/24)
 C - a wand of iceblast (0/15)
 D - a wand of flame (13/48)
 H - a wand of disintegration (10/24)
 P - a wand of flame (5/48)
 Q - a wand of polymorph (15/24)
Scrolls
 g - 6 scrolls of teleportation
 i - a scroll of amnesia
 m - 6 scrolls of identify
 r - 5 scrolls of remove curse
 L - a scroll of magic mapping
 O - 2 scrolls of recharging
Potions
 l - 2 potions of magic
 o - 4 potions of agility
 p - a potion of haste
 q - 2 potions of invisibility
 s - 3 potions of brilliance
 w - a potion of mutation {unknown}
 K - 3 potions of flight
Books
 W - a book of Envenomations

   Spells                             Type                      Level
   a - Spider Form                    Transmutation/Poison         3
   b - Olgreb's Toxic Radiance        Poison                       4
   c - Alistair's Intoxication        Transmutation/Poison         5
   d - Poisonous Cloud                Conjuration/Poison/Air       6
Miscellaneous
 k - a plain deck of war {drawn: 1}
 y - a legendary deck of war {drawn: 8}
 E - a plain deck of destruction
 S - a legendary deck of war {drawn: 1}
 U - a plain deck of destruction
Comestibles
 f - 9 bread rations
 j - 5 fruits
 M - 2 royal jellies


   Skills:
 * Level 12.4 Fighting
   Level 9.9(11.4) Axes
 * Level 9.4(11.1) Maces & Flails
 + Level 0.8 Throwing
 * Level 12.9 Armour
 * Level 13.8 Shields
 + Level 0.7 Unarmed Combat
 + Level 1.0 Evocations


You had 11 spell levels left.
You didn't know any spells.

Dungeon Overview and Level Annotations

Branches:
Dungeon (9/15)             Temple (1/1) D:5            Lair (3/8) D:9
  Swamp (2/4) Lair:3
  Snake: Lair:3-6    Spider: Lair:3-6       Orc: D:9-12

Altars:
Ashenzari
Cheibriados
Dithmenos
Elyvilon
Fedhas
Gozag
Kikubaaqudgha
Makhleb
Nemelex Xobeh
Okawaru
Pakellas
Qazlal
Ru
Sif Muna
Trog
Vehumet
Xom
Yredelemnul
Zin
The Shining One

Annotations:
Swamp:1 Kirke
Swamp:2 exclusion: 2 ice statues IceCv magog001's ghost, journeyman GrFi


Innate Abilities, Weirdness & Mutations

You reflexively headbutt those who attack you in melee.
You have a pair of horns on your head.


Message History

Magog001's ghost is heavily damaged.
The ice devil hits you. The ice devil freezes you!!
* * * LOW HITPOINT WARNING * * *
Magog001's ghost screams, "You must not succeed where I failed!"
You block magog001's ghost's attack.
You hit magog001's ghost but do no damage.
Magog001's ghost is heavily damaged.
The ice devil hits you but does no damage.
The ice devil hits you.
* * * LOW HITPOINT WARNING * * *
The ice devil freezes you!
* * * LOW HITPOINT WARNING * * *
Magog001's ghost hits you.
* * * LOW HITPOINT WARNING * * *
x2 You hit magog001's ghost.
Magog001's ghost is heavily damaged.
You block the ice devil's attack. x2; Magog001's ghost hits you!
* * * LOW HITPOINT WARNING * * *
You die...
Your body disappears without a glow.

#### ##..##
##....###
#.....@W##.
#..∩∩.44......
#.............
##....##..##..
##..## ### .
####


You could see 2 ice devils and magog001's ghost.

Vanquished Creatures
  Nikola (Swamp:1)
  A hydra (Lair:1)
  A catoblepas (Lair:3)
  2 alligators (Swamp:1)
  The ghost of magog001 the Blocker, a novice FoFi of Nemelex Xobeh (D:8)
  An unseen horror (D:9)
  An elephant (D:9)
  2 black mambas
  6 komodo dragons
  2 spiny frogs
  3 giant leeches
  The ghost of magog001 the Vandal, an amateur DrHu (D:4)
  A two-headed ogre (D:8)
  Grinder (D:3)
  A bog body (Swamp:2)
  Prince Ribbit (D:6)
  A blink frog (Lair:3)
  A wraith (Ossuary)
  25 yaks
  4 hippogriffs
  Grum (D:8)
  2 basilisks (Lair:3)
  A hungry ghost (D:9)
  4 vampire mosquitoes
  2 swamp worms (Swamp:1)
  3 porcupines
  5 water moccasins
  An orc warrior (D:6)
  A swamp drake (Swamp:1)
  2 ice beasts
  2 phantoms
  2 sky beasts (D:8)
  A wasp (D:8)
  A necrophage (D:9)
  2 ogres
  14 wolves
  6 crocodiles
  4 centaurs
  10 big kobolds
  A wyvern zombie (D:8)
  6 giant frogs
  A gnoll sergeant (D:9)
  A wyvern skeleton (D:9)
  3 scorpions
  5 killer bees (D:8)
  An electric eel (Lair:2)
  3 spriggan skeletons (D:9)
  A howler monkey (D:8)
  8 crimson imps
  A hound (D:9)
  2 giant frog zombies
  2 jellies
  2 orc wizards
  An orc priest (D:8)
  4 centaur skeletons
  3 giant frog skeletons
  8 iguanas
  7 worker ants
  Natasha (thrice) (D:4 D:7)
  Terence (D:3)
  8 sheep
  A hound zombie (D:7)
  3 mummies (Ossuary)
  2 hound skeletons
  A howler monkey skeleton (D:8)
  3 gnolls (D:9)
  16 adders
  61 river rats
  2 shadow imps
  2 oozes
  3 adder skeletons
  3 worms
  A dart slug (D:1)
  2 giant geckos
  22 orcs
  2 ball pythons
  5 giant cockroaches
  A gnoll zombie (Ossuary)
  3 goblins
  10 hobgoblins
  12 jackals
  6 quokkas
  A ball python skeleton (D:4)
  5 bats
  2 giant newts
  4 goblin zombies (Ossuary)
  4 hobgoblin zombies (Ossuary)
  A jackal skeleton (D:8)
  30 kobolds
  4 kobold zombies (Ossuary)
  An orc zombie (Ossuary)
  A quokka zombie (D:6)
  7 rats
414 creatures vanquished.

Vanquished Creatures (collateral kills)
  2 blink frogs (Lair:3)
  3 basilisks (Lair:3)
5 creatures vanquished.

Vanquished Creatures (others)
  3 vampire mosquitoes (Swamp:1)
  4 fungi
7 creatures vanquished.

Grand Total: 426 creatures vanquished

Notes
Turn   | Place    | Note
--------------------------------------------------------------
     0 | D:1      | magog001 the Minotaur Fighter began the quest for the Orb.
     0 | D:1      | Reached XP level 1. HP: 19/19 MP: 0/0
    93 | D:1      | Reached XP level 2. HP: 25/27 MP: 1/1
   686 | D:2      | Reached XP level 3. HP: 33/33 MP: 2/2
   708 | D:2      | Found a faded altar to an unknown god.
   750 | D:2      | Reached skill level 4 in Shields
   907 | D:2      | Found a shadowy altar of Dithmenos.
   925 | D:2      | Reached XP level 4. HP: 28/41 MP: 3/3
  2355 | D:3      | Reached skill level 5 in Armour
  2355 | D:3      | Reached XP level 5. HP: 40/47 MP: 4/4
  2408 | D:3      | Noticed Terence
  2417 | D:3      | Killed Terence
  2452 | D:3      | Noticed Grinder
  2454 | D:3      | Paralysed by Grinder for 5 turns
  2468 | D:3      | Killed Grinder
  2468 | D:3      | Reached skill level 5 in Fighting
  2468 | D:3      | Reached skill level 5 in Shields
  2468 | D:3      | Reached XP level 6. HP: 32/56 MP: 5/5
  3061 | D:4      | Noticed Natasha
  3066 | D:4      | Killed Natasha
  3124 | D:4      | Noticed magog001's ghost (amateur DrHu)
  3142 | D:4      | Killed magog001's ghost
  3142 | D:4      | Reached skill level 5 in Axes
  3142 | D:4      | Reached skill level 6 in Shields
  3142 | D:4      | Reached XP level 7. HP: 48/61 MP: 6/6
  4351 | D:5      | Entered Level 5 of the Dungeon
  4368 | D:5      | Reached XP level 8. HP: 70/70 MP: 7/7
  4399 | D:5      | Found a staircase to the Ecumenical Temple.
  4407 | Temple   | Entered the Ecumenical Temple
  4546 | D:5      | Reached skill level 7 in Shields
  4717 | D:5      | Found a glowing golden altar of the Shining One.
  5300 | D:6      | Noticed Prince Ribbit
  6367 | D:6      | Killed Prince Ribbit
  6367 | D:6      | Reached skill level 8 in Shields
  6833 | D:6      | Reached XP level 9. HP: 60/79 MP: 8/8
  6957 | D:6      | Found a snail-covered altar of Cheibriados.
  6957 | D:6      | Found a blossoming altar of Fedhas.
  6957 | D:6      | Found an ancient bone altar of Kikubaaqudgha.
  7067 | D:7      | Noticed Natasha
  7075 | D:7      | Killed Natasha
  7208 | D:7      | Noticed Natasha
  7213 | D:7      | Killed Natasha
  7693 | D:8      | Noticed Grum
  7760 | D:8      | Reached skill level 9 in Shields
  7782 | D:8      | Gained mutation: Your body sometimes deteriorates upon taking damage. [mutagenic meat]
  7783 | D:8      | Gained mutation: You possess an exceptional clarity of mind. [mutagenic meat]
  7784 | D:8      | Gained mutation: You are weak. (Str -2) [mutagenic meat]
  7785 | D:8      | Gained mutation: Scrolls take you a little longer to read. [mutagenic meat]
  7786 | D:8      | Gained mutation: Your magical capacity is low (-10% MP). [mutagenic meat]
  7787 | D:8      | Lost mutation: Your body sometimes deteriorates upon taking damage. [potion of cure mutation]
  7787 | D:8      | Lost mutation: Your magical capacity is low (-10% MP). [potion of cure mutation]
  7787 | D:8      | Lost mutation: Scrolls take you a little longer to read. [potion of cure mutation]
  7787 | D:8      | Lost mutation: You possess an exceptional clarity of mind. [potion of cure mutation]
  7800 | D:8      | Found a sand-covered staircase.
  7804 | Ossuary  | Entered an ossuary
  8690 | D:8      | Killed Grum
  8690 | D:8      | Reached skill level 10 in Shields
  8733 | D:8      | Noticed magog001's ghost (novice FoFi)
  8759 | D:8      | Killed magog001's ghost
  8759 | D:8      | Reached XP level 10. HP: 19/90 MP: 9/9
  9194 | D:8      | Found a sparkling altar of Nemelex Xobeh.
  9198 | D:8      | Became a worshipper of Nemelex Xobeh the Trickster
  9407 | D:8      | Gained mutation: You expend magic power (3 MP) to strengthen your wands. [mutagenic meat]
  9408 | D:8      | Gained mutation: You are somewhat resistant to further mutation. [mutagenic meat]
  9756 | D:9      | Found a glowing silver altar of Zin.
  9857 | D:9      | Received a gift from Nemelex Xobeh
  9865 | D:9      | Reached skill level 10 in Armour
  9873 | D:9      | Reached skill level 11 in Shields
  9975 | D:9      | Killed an unseen horror
  9975 | D:9      | Reached skill level 1 in Maces & Flails
 10011 | D:9      | Found a staircase to the Lair.
 10012 | D:9      | Noticed an elephant
 10042 | D:9      | Killed an elephant
 10775 | D:9      | Reached XP level 11. HP: 99/99 MP: 10/10
 10798 | D:9      | Reached skill level 10 in Fighting
 11107 | D:9      | Found a deep blue altar of Sif Muna.
 11438 | Lair:1   | Entered Level 1 of the Lair of Beasts
 11787 | Lair:1   | Gained mutation: You are somewhat resistant to both further mutation and mutation removal. [potion of beneficial mutation]
 12040 | Lair:1   | Reached * piety under Nemelex Xobeh
 12127 | Lair:1   | Reached skill level 12 in Shields
 12176 | Lair:1   | Received a gift from Nemelex Xobeh
 12187 | Lair:1   | Reached skill level 5 in Maces & Flails
 12241 | Lair:1   | Noticed a seven-headed hydra
 12255 | Lair:1   | Killed a seven-headed hydra
 12977 | Lair:2   | Received a gift from Nemelex Xobeh
 13202 | Lair:2   | Reached ** piety under Nemelex Xobeh
 13454 | Lair:2   | Reached XP level 12. HP: 90/109 MP: 11/11
 13766 | Lair:3   | Lost mutation: You expend magic power (3 MP) to strengthen your wands. [potion of cure mutation]
 13766 | Lair:3   | Lost mutation: You are weak. (Str -2) [potion of cure mutation]
 13766 | Lair:3   | Lost mutation: You are somewhat resistant to both further mutation and mutation removal. [potion of cure mutation]
 13766 | Lair:3   | Lost mutation: You are somewhat resistant to further mutation. [potion of cure mutation]
 13904 | Lair:3   | Reached skill level 13 in Shields
 13909 | Lair:3   | Received a gift from Nemelex Xobeh
 14056 | Lair:3   | Noticed a catoblepas
 14092 | Lair:3   | Killed a catoblepas
 14527 | Lair:3   | Received a gift from Nemelex Xobeh
 14591 | Lair:3   | Reached *** piety under Nemelex Xobeh
 14629 | Lair:3   | Found a staircase to the Swamp.
 14756 | Swamp:1  | Entered Level 1 of the Swamp
 14760 | Swamp:1  | Noticed an alligator
 14772 | Swamp:1  | Killed an alligator
 14827 | Swamp:1  | Noticed an alligator
 14836 | Swamp:1  | Killed an alligator
 14904 | Swamp:1  | Noticed Nikola
 14960 | Swamp:1  | Killed Nikola
 14960 | Swamp:1  | Reached skill level 1 in Evocations
 15214 | Swamp:1  | Noticed Kirke
 15251 | Swamp:1  | Noticed an alligator
 15270 | Swamp:2  | Found a frozen archway.
 15420 | IceCv    | Entered an ice cave
 15450 | IceCv    | Noticed magog001's ghost (journeyman GrFi)
 15467 | IceCv    | HP: 1/113 [magog001's ghost (8)]
 15467 | IceCv    | Slain by magog001's ghost

Skill      XL: |  1  2  3  4  5  6  7  8  9 10 11 12 |
---------------+-------------------------------------+-----
Armour         | 4 5 6 8 9 10 12 | 12.9
Fighting       | 4 5 6 7 8 9 11 12 | 12.4
Shields        | 4 5 6 8 10 11 12 13 | 13.8
Axes           | 3 4 5 6 7 9 |  9.9
Maces & Flails | 3 6 9 |  9.4
Evocations     | 1 |  1.0
Throwing       | |  0.8
Unarmed Combat | |  0.7

Action                   |  1- 3 |  4- 6 |  7- 9 | 10-12 || total
-------------------------+-------+-------+-------+-------++-------
Melee: War axe           |    56 |   100 |       |       ||   156
       Headbutt          |     5 |    29 |    74 |   224 ||   332
       Broad axe         |       |    56 |   382 |   101 ||   539
       Flail             |       |       |       |   876 ||   876
       Unarmed           |       |       |       |     9 ||     9
Throw: Tomahawk          |       |     4 |     4 |     1 ||     9
Evoke: Wand              |       |       |     5 |    19 ||    24
       Deck              |       |       |       |    10 ||    10
  Use: Potion            |       |     1 |    10 |    10 ||    21
       Scroll            |       |       |    11 |    18 ||    29
  Eat: Chunk             |       |     7 |    15 |    10 ||    32
       Royal jelly       |       |       |     1 |     2 ||     3
       Fruit             |       |       |     2 |       ||     2
       Pizza             |       |       |     1 |       ||     1
       Bread ration      |       |       |     1 |     1 ||     2
       Meat ration       |       |       |       |     3 ||     3
Armor: Scale mail        |    12 |       |       |       ||    12
       Plate armour      |    13 |   115 |   237 |   657 ||  1022
       Skin              |       |       |       |    14 ||    14
Dodge: Dodged            |    22 |    37 |    90 |   202 ||   351
Block: Shield            |    36 |   105 |   234 |   700 ||  1075
       Other             |       |       |       |     1 ||     1
